 Dungeon Crawl Stone Soup version 0.21-a0-278-ga722497 (webtiles) character file.

347 pkoi the Ruffian (level 6, -5/51 HPs)
             Began as a Draconian Monk on Sept 22, 2017.
             Killed by divine providence
             ... invoked by an orc priest
              (11 damage)
             ... on level 6 of the Dungeon.
             The game lasted 00:05:13 (3527 turns).

pkoi the Ruffian (Draconian Monk)                   Turns: 3527, Time: 00:05:14

Health: -5/51      AC:  7    Str: 14    XL:     6   Next: 33%
Magic:  6/6        EV: 13    Int: 10    God:
Gold:   155        SH:  0    Dex: 13    Spells: 5/5 levels left

rFire    . . .     SeeInvis .     - Unarmed
rCold    . . .     Gourm    .   (no shield)
rNeg     . . .     Faith    .   (armour unavailable)
rPois    .         Spirit   .   (helmet restricted)
rElec    .         Reflect  .   (no cloak)
rCorr    .         Harm     .   (no gloves)
MR       .....                  (no boots)
Stlth    ++........             (no amulet)
HPRegen  0.17/turn              (no ring)
MPRegen  0.10/turn              (no ring)

@: no status effects
A: unfitting armour, stinger 1, dopey 1, shaggy fur 1, cold-blooded, AC +6
a: no special abilities


You were on level 6 of the Dungeon.
You were very hungry.

You visited 1 branch of the dungeon, and saw 4 of its levels.

You collected 155 gold pieces.

Inventory:

Scrolls
 f - a scroll of enchant armour
 j - a scroll of identify
 k - 2 scrolls of fear
 l - a scroll of random uselessness
Potions
 g - a potion of invisibility
Books
 d - a book of Misfortune

   Spells                             Type                      Level
   a - Confusing Touch                Hexes                        1
   b - Confuse                        Hexes                        3
   c - Gell's Gravitas                Translocation                3
   d - Petrify                        Transmutation/Earth          4
   e - Metabolic Englaciation         Hexes/Ice                    5
   f - Yara's Violent Unravelling     Hexes/Transmutation          5
Comestibles
 a - 3 bread rations
 b - 4 meat rations
 c - a royal jelly


   Skills:
 - Level 3.4 Fighting
 - Level 2.6 Dodging
 - Level 1.7 Stealth
 + Level 7.1 Unarmed Combat


You had 5 spell levels left.
You didn't know any spells.

Dungeon Overview and Level Annotations

Branches:
Dungeon (3/15)

Altars:


Innate Abilities, Weirdness & Mutations

Your plain brown scales are hard. (AC +6)
You cannot fit into any form of body armour.
You are cold-blooded and may be slowed by cold attacks.
Your tail ends in a poisonous barb.
You are dopey. (Int -2)
You are covered in fur. (AC +1)


Message History

The orc wizard hits you but does no damage.
You punch the orc wizard!
The orc wizard is severely wounded.
The orc priest calls upon Beogh to heal the orc wizard.
The orc wizard is healed somewhat.
The orc wizard hits you but does no damage.
You closely miss the orc wizard.
Your tail-slap misses the orc wizard.
The orc wizard is heavily wounded.
The orc wizard hits you but does no damage.
The orc priest looks satisfied for a moment.
You punch the orc wizard!
You kill the orc wizard!
You barely miss the orc priest.
The orc priest calls down the wrath of Beogh upon you.
Beogh smites you!
* * * LOW HITPOINT WARNING * * *
You hit the orc priest but do no damage.
The orc priest mumbles some strange prayers to Beogh against you.
Beogh smites you!
You die...

### #.. #+ #.# ##
... #.# .# ....
#.### ..# .....
#.#.##.(.#
......###....#..##
.....oo@..........
......####...##.#
..... ##..# .#
.... ##.##.# ...
#....# #+
#######..###
#........#####.#
#.#####........#
#..#######


You could see 2 orc priests.

Vanquished Creatures
  A centaur (D:6)
  A crimson imp (D:6)
  A centaur skeleton (D:6)
  An orc wizard (D:6)
  A worker ant zombie (D:6)
  4 gnolls (D:3)
  4 adders
  An ooze (D:1)
  2 worms
  3 dart slugs
  2 leopard geckos (D:2)
  11 orcs
  8 bats
  A giant cockroach (D:1)
  5 hobgoblins
  6 kobolds
  6 frilled lizards
  8 goblins
  14 rats
80 creatures vanquished.

Notes
Turn   | Place    | Note
-------+----------+-------------------------------------------
     0 | D:1      | pkoi the Draconian Monk began the quest for the Orb.
     0 | D:1      | Reached XP level 1. HP: 19/19 MP: 1/1
   233 | D:1      | Reached XP level 2. HP: 26/26 MP: 2/2
   464 | D:1      | Reached skill level 4 in Unarmed Combat
   611 | D:1      | Reached XP level 3. HP: 31/31 MP: 3/3
  1150 | D:2      | Gained mutation: Your tail ends in a poisonous barb. [potion of mutation]
  1150 | D:2      | Gained mutation: You are dopey. (Int -2) [potion of mutation]
  1150 | D:2      | Gained mutation: You are covered in fur. (AC +1) [potion of mutation]
  1376 | D:2      | Reached XP level 4. HP: 28/38 MP: 4/4
  1846 | D:2      | Reached skill level 5 in Unarmed Combat
  2804 | D:3      | Reached XP level 5. HP: 45/45 MP: 5/5
  3154 | D:3      | You fall through a shaft for 3 floors!
  3154 | D:6      | Noticed a centaur
  3166 | D:6      | Killed a centaur
  3166 | D:6      | Reached skill level 6 in Unarmed Combat
  3194 | D:6      | HP: 2/45 [centaur skeleton (4)]
  3207 | D:6      | Reached XP level 6. HP: 9/51 MP: 6/6
  3294 | D:6      | Reached skill level 7 in Unarmed Combat
  3527 | D:6      | Killed from afar by an orc priest

Vault maps used:
D:1:      dpeg_arrival_ratfight
D:2:      kennysheep_doodads
D:3:      chequers_ecumenical_altar_twisty, first_bread

Skill      XL: |  1  2  3  4  5  6 |
---------------+-------------------+-----
Unarmed Combat | 4 5 6 7 |  7.1
Fighting       | |  3.4
Dodging        | |  2.6
Stealth        | |  1.7

Action                   |  1- 3 |  4- 6 || total
-------------------------+-------+-------++-------
Melee: Unarmed           |   119 |   187 ||   306
       Tailslap          |    14 |    18 ||    32
       Punch             |     1 |     2 ||     3
  Use: Scroll            |     1 |     5 ||     6
       Potion            |     3 |     3 ||     6
 Stab: Sleeping          |     8 |     3 ||    11
       Invisible         |       |     3 ||     3
  Eat: Chunk             |     2 |     5 ||     7
Armor: Skin              |    53 |    43 ||    96
Dodge: Dodged            |    98 |   123 ||   221

Table legend:
 A = Spawn XP
 B = Non-spawn XP
 C = Spawn XP percentage of total XP
 D = Spawn monster count
 E = Non-spawn monster count
 F = Spawn count percentage of total count
 G = Total turns spent on level
                    A         B        C        D         E        F      G
               +---------+---------+-------+---------+---------+-------+---------
         Total |       0 |     497 |   0.0 |       0 |      80 |   0.0 |  3527
               +---------+---------+-------+---------+---------+-------+---------
           D:1 |       0 |      43 |   0.0 |       0 |      25 |   0.0 |   910
           D:2 |       0 |      77 |   0.0 |       0 |      22 |   0.0 |  1303
           D:3 |       0 |     110 |   0.0 |       0 |      25 |   0.0 |   941
           D:6 |       0 |     267 |   0.0 |       0 |       8 |   0.0 |   373
               +---------+---------+-------+---------+---------+-------+---------
